 Dungeon Crawl Stone Soup version 0.26-b1-32-g5d43845318 (webtiles) character file.

Game seed: 4708629095489981026

1372 Borgoz the Skirmisher (level 8, -3/70 HPs)
             Began as a Ghoul Gladiator on Jan 13, 2021.
             Was an Initiate of Ashenzari.
             Killed from afar by an orc wizard (8 damage)
             ... with a puff of flame
             ... on level 5 of the Dungeon.
             The game lasted 00:06:38 (5754 turns).

Borgoz the Skirmisher (Ghoul Gladiator)             Turns: 5754, Time: 00:06:38

Health: -3/70      AC: 10    Str: 17 (18) XL:     8   Next: 66%
Magic:  7/7        EV: 13    Int:  1 (3)  God:    Ashenzari [......]
Gold:   262        SH:  0    Dex:  9 (12) Spells: 7/7 levels left

rFire    . . .     SeeInvis .   x - +2 flail (vorpal)
rCold    + . .     Faith    .   (no shield)
rNeg     + + +     Spirit   .   i - +0 ring mail
rPois    ∞         Reflect  .   c - +0 helmet
rElec    .         Harm     .   m - +0 cloak
rCorr    .         Rampage  .   j - +0 pair of gloves
Will     .....                  v - +0 pair of boots
Stlth    ..........             (no amulet)
HPRegen  0.00/turn              (no ring)
MPRegen  0.10/turn              (no ring)

@: brilliant
A: claws 1, cold resistance 1, negative energy resistance 3, inhibited
regeneration, torment resistance, unbreathing
a: Renounce Religion, Curse Item


You were on level 5 of the Dungeon.
You worshipped Ashenzari.
Ashenzari was noncommittal.
You visited 1 branch of the dungeon, and saw 5 of its levels.
You also visited: Sewer.

You collected 262 gold pieces.

Inventory:

Hand Weapons
 x - a +2 vorpal flail (weapon)
Missiles
 d - 2 throwing nets (quivered)
Armour
 c - a +0 helmet (worn)
 i - a +0 ring mail (worn)
 j - a +0 pair of gloves (worn)
 m - a +0 cloak (worn)
 v - a +0 pair of boots (worn)
Jewellery
 f - an uncursed ring of flight
Wands
 h - a wand of acid (9)
Scrolls
 b - 2 scrolls of remove curse
 g - a scroll of fog
 k - 2 scrolls of identify
 p - a scroll of random uselessness {unknown}
 q - 2 scrolls of teleportation
 u - a scroll of magic mapping
 w - a scroll of noise {unknown}
Potions
 e - 5 potions of flight
 l - a potion of brilliance
 n - a potion of ambrosia {unknown}
 o - a potion of resistance {unknown}
 r - a potion of degeneration
 s - a potion of cancellation
 t - a potion of haste


   Skills:
 + Level 6.0 Fighting
 + Level 5.4 Maces & Flails
 - Level 1.7 Throwing
 + Level 4.4 Armour
 + Level 5.4 Dodging


You had 7 spell levels left.
You didn't know any spells.
Your spell library contained the following spells:

 Spells                   Type           Power        Failure   Level
 Sandblast                Erth           0%           77%         1
 Passwall                 Tmut/Erth      0%           88%         2
 Stone Arrow              Conj/Erth      0%           98%         3
 Petrify                  Tmut/Erth      0%           100%        4
 Lee's Rapid Deconstruct  Erth           0%           100%        5


Dungeon Overview and Level Annotations

Branches:
Dungeon (5/15)              Sewer (visited)
 Temple: D:4-7

Altars:
Ashenzari
Dithmenos
Makhleb


Innate Abilities, Weirdness & Mutations

You thrive by killing the living.
You are immune to poison.
You have sharp fingernails.
Your flesh is cold resistant. (rC+)
You are immune to negative energy. (rN+++)
You do not regenerate when monsters are visible.
You are immune to unholy pain and torment.
You can survive without breathing.


Message History

The orc completely misses you. Something hits you but does no damage.
You sock the orc!
You kill the orc!
The orc warrior hits you with a +0 war axe.
* * * LOW HITPOINT WARNING * * *
You hear some strange, mumbled words.
Something tries to affect you, but you resist.
It was a potion of brilliance.
You feel clever all of a sudden.
The orc warrior hits you with a +0 war axe.
* * * LOW HITPOINT WARNING * * *
The orc barely misses you. Something hits you but does no damage.
It was a potion of degeneration.
There was something very wrong with that liquid.
You feel weakened.
You feel dopey.
You feel clumsy.
You feel less confused.
You hear some strange, mumbled words.
A puff of flame appears from out of thin air!
The puff of flame hits you!
You die...

*** **# **,* #### **.#* *,,*
#..##*...** *,,, ### ##...#....,*
***,** ######
##.####<........,***,,,*,
.##..####....#..o{......,,**,,,,,
.......##.......@o.....#,,,,,,**,
##.....#.#########.....#,,,,,,*,,
.#....##.#*##>##**,...##*,***,,,,
....####.##8...8#*,,..# **,,,,,,,
#....##..##.....#*,,,.#**,,,,,,,,
#.#......#8.....8#,,,,..,,,,,,,,,
#..##..#.##.....##,*,,,.**,,,,,,,
#..##..#.##8...8####***,**,,,,,,*
#.....##.##.....##.# **.#...,,***


You could see an orc warrior and an orc.

Vanquished Creatures
  Eustachio (D:5)
  Menkaure (D:5)
  2 ogres
  Blork the orc (D:5)
  A jelly (D:4)
  An orc priest (D:5)
  Crazy Yiuf (D:3)
  3 hounds
  A gnoll shaman (D:4)
  Ijyb (D:3)
  Natasha (thrice) (D:3)
  5 orc wizards
  3 worker ants
  Terence (D:2)
  11 adders
  5 gnolls (D:4)
  A shadow imp (D:3)
  A white imp (D:5)
  5 oozes
  An adder skeleton (D:4)
  5 worms
  3 dart slugs
  8 leopard geckos
  17 orcs
  3 ball pythons
  11 bats
  7 giant cockroaches
  4 goblins
  8 hobgoblins
  15 jackals
  5 kobolds
  2 quokkas
  4 frilled lizards
  A jackal skeleton (D:5)
  12 rats
154 creatures vanquished.

Notes
Turn   | Place    | Note
-------+----------+-------------------------------------------
     0 | D:1      | Borgoz the Ghoul Gladiator began the quest for the Orb.
     0 | D:1      | Reached XP level 1. HP: 17/17 MP: 0/0
    95 | D:1      | Reached XP level 2. HP: 8/25 MP: 1/1
   316 | D:1      | Reached skill level 1 in Armour
   327 | D:1      | Reached XP level 3. HP: 18/30 MP: 2/2
  1331 | D:2      | Reached skill level 3 in Fighting
  1331 | D:2      | Reached XP level 4. HP: 32/38 MP: 3/3
  1599 | D:2      | Noticed Terence
  1610 | D:2      | Killed Terence
  1817 | D:3      | Noticed Ijyb
  1828 | D:3      | Killed Ijyb
  1829 | D:3      | Reached XP level 5. HP: 42/45 MP: 4/4
  1856 | D:3      | Noticed Natasha
  1868 | D:3      | Killed Natasha
  2167 | D:3      | Found a runed translucent door.
  2168 | D:3      | Noticed Crazy Yiuf
  2333 | D:3      | Noticed Natasha
  2341 | D:3      | Killed Natasha
  2342 | D:3      | Reached XP level 6. HP: 41/52 MP: 5/5
  2535 | D:3      | Reached skill level 4 in Fighting
  2843 | D:3      | Noticed Natasha
  2846 | D:3      | Killed Natasha
  2860 | D:3      | Found a burning altar of Makhleb.
  2952 | D:3      | Killed Crazy Yiuf
  3148 | D:4      | Found a broken altar of Ashenzari.
  3157 | D:4      | Became a worshipper of Ashenzari the Shackled
  3209 | D:4      | Reached XP level 7. HP: 54/60 MP: 6/6
  4014 | D:5      | Entered Level 5 of the Dungeon
  4016 | D:5      | Noticed Blork the orc
  4026 | D:5      | Noticed Menkaure
  4033 | D:5      | Killed Blork the orc
  4034 | D:5      | Reached skill level 5 in Fighting
  4037 | D:5      | Killed Menkaure
  4038 | D:5      | Reached XP level 8. HP: 27/68 MP: 7/7
  4115 | D:5      | Found a glowing drain.
  4119 | Sewer    | Entered a sewer
  5124 | D:5      | Reached skill level 5 in Maces & Flails
  5124 | D:5      | Reached skill level 5 in Dodging
  5252 | D:5      | HP: 1/69 [ogre/+0 giant spiked club (20)]
  5626 | D:5      | Noticed Eustachio
  5627 | D:5      | Found a shadowy altar of Dithmenos.
  5641 | D:5      | Killed Eustachio
  5642 | D:5      | Reached skill level 6 in Fighting
  5754 | D:5      | Killed from afar by an orc wizard

Illustrated notes

Levels and vault maps discovered:
D:1:      giann_horns, layout_rooms, nrook_mini_vaults, minmay_pentomino_o4
D:2:      layout_basic, serial_park_tiny_1, uniq_terence
D:3:      layout_loops_ring, makhleb_blood_cavern_becter, uniq_natasha,
          uniq_crazy_yiuf_cottage, uniq_ijyb
D:4:      layout_cave_pods, evilmike_ruin_ashenzari
D:5:      layout_cave_pools, tso_metal_star, nicolae_overflow_hidden_temple,
          gup_sewer_entry_bowl, serial_column_ruins, column_ruins_hut,
          column_ruins_corridor_straight, column_ruins_columns_water,
          column_ruins_grid_2, column_ruins_open_tiny, column_ruins_grid_3,
          uniq_blork_the_orc, uniq_eustachio, uniq_menkaure

Skill      XL: |  1  2  3  4  5  6  7  8 |
---------------+-------------------------+-----
Armour         | 1 2 3 4 |  4.4
Dodging        | 3 4 5 |  5.4
Maces & Flails | 3 4 5 |  5.4
Fighting       | 3 4 5 6 |  6.0
Throwing       | |  1.7

Action                   |  1- 3 |  4- 6 |  7- 9 || total
-------------------------+-------+-------+-------++-------
Melee: Flail             |   122 |   177 |   248 ||   547
Throw: Throwing net      |       |     1 |       ||     1
  Use: Potion            |       |     1 |     5 ||     6
       Scroll            |       |     3 |     7 ||    10
Armor: Leather armour    |    46 |    40 |       ||    86
       Ring mail         |       |    35 |   156 ||   191
Dodge: Dodged            |   115 |   128 |   259 ||   502
